 Dungeon Crawl Stone Soup version 0.31-a0-344-gd109795599 (webtiles) character file.

Game seed: 9486103381061434244

447 LeprechaunX the Ruffian (level 7, -10/46 HPs)
             Began as an Octopode Shapeshifter on July 21, 2023.
             Killed by divine providence
             ... invoked by an orc priest
              (12 damage)
             ... on level 4 of the Dungeon.
             The game lasted 00:04:56 (3787 turns).

LeprechaunX the Ruffian (Octopode Shapeshifter)     Turns: 3787, Time: 00:04:57

Health: -10/46     AC:  1    Str: 16    XL:     7   Next: 3%
Magic:  7/7        EV: 14    Int: 11    God:
Gold:   63         SH:  0    Dex: 12    Spells: 6/6 levels left

rFire   + .          .
                       - Unarmed
rCold   x . .        (no shield)
rNeg    . . .        m - melded +1 hat
rPois   .            (no amulet)
rElec   .            k - ring of fire
rCorr   .            (no ring)
SInv    .            (no ring)
Will    .....        (no ring)
Stlth   ++           (no ring)
HPRegen 0.27/turn    (no ring)
MPRegen 0.10/turn    (no ring)
                     (no ring)

%: no passive effects
@: beast-form
A: beast (slay +2), almost no armour, amphibious, 8 rings, camouflage 1,
gelatinous body 1, (nimble swimmer 1), tentacles
a: Begin Untransformation


You were on level 4 of the Dungeon.
You were a hulking beast.
You visited 1 branch of the dungeon, and saw 4 of its levels.
You also visited: Sewer.

You collected 63 gold pieces.

Inventory:

Armour
 m - a +1 hat (melded)
Jewellery
 k - a ring of fire (left tentacle)
Talismans
 b - a beast talisman
Scrolls
 c - 3 scrolls of identify {unknown}
 d - 4 scrolls of teleportation {unknown}
 e - 2 scrolls of revelation {unknown}
 h - 2 scrolls of noise {unknown}
 i - a scroll of immolation {unknown}
 j - a scroll of fog {unknown}
 p - a scroll of enchant armour {unknown}
Potions
 a - a potion of lignification
 f - 3 potions of cancellation {unknown}
 g - 2 potions of curing {unknown}
 l - a potion of haste {unknown}
 n - a potion of heal wounds {unknown}
 o - 2 potions of brilliance {unknown}


   Skills:
 + Level 3.1 Fighting
 + Level 3.6 Dodging
 * Level 5.4 Unarmed Combat
 + Level 3.9 Shapeshifting


You had 6 spell levels left.
You didn't know any spells.
Your spell library contained the following spells:

 Spells                   Type           Power      Damage    Failure   Level
 Freeze                   Ice            0%         1d3       34%         1
 Cigotuvi's Dreadful Rot  Necr/Pois/Air  0%         N/A       47%         2
 Frozen Ramparts          Ice            0%         1d1       71%         3
 Hailstorm                Conj/Ice       0%         3d3       71%         3
 Ignite Poison            Fire/Tmut/Pois 0%         N/A       71%         3
 Freezing Cloud           Conj/Ice/Air   0%         6-21      100%        5


Dungeon Overview and Level Annotations

Branches:
Dungeon (4/15)              Sewer (visited)
 Temple: D:4-7

Altars:

Shops:
D:4 :


Innate Abilities, Weirdness & Mutations

You are a hulking beast.
Your limbs bulge with bestial killing power. (Slay +2)
You cannot wear most types of armour.
You are amphibious.
You can wear up to eight rings at the same time.
Your skin changes colour to match your surroundings (Stealth+).
Your rubbery body absorbs attacks. (AC +1, EV +1)
((You are camouflaged when in or above water. (Stealth+)))
You have tentacles for arms and can constrict up to eight enemies at once.


Message History

The kobold throws a poisoned dart.
The poisoned dart hits you!
You are poisoned.
An orc priest comes into view. It is wielding a +4 short sword.
You have reached level 7!
You feel very sick. The kobold hits you with a +0 dagger.
Things that are here:
a +0 dagger; a +0 robe You closely miss the kobold.
You grab the kobold. You constrict the kobold.
You feel sick. The kobold barely misses you.
The orc priest mumbles some strange prayers to Beogh against you.
Beogh smites you!
* * * LOW HITPOINT WARNING * * *
You bludgeon the kobold!
You kill the kobold!
You feel sick.
You feel sick.
The orc priest looks encouraged for a moment.
Things that are here:
a +0 dagger; 6 poisoned darts You closely miss the orc.
Your grab misses the orc.
You feel sick. The orc closely misses you.
You tentacle-slap the orc. You grab the orc.
The orc is lightly wounded.
You constrict the orc.
You feel sick. The orc misses you.
You bludgeon the orc!
You kill the orc!
You feel sick.
You bludgeon the orc wizard! You grab the orc wizard.
The orc wizard is heavily wounded.
You constrict the orc wizard.
You feel sick.
The orc wizard hits you with a +0 dagger.
* * * LOW HITPOINT WARNING * * *
You tentacle-slap the orc wizard.
You kill the orc wizard!
You feel sick.
You are no longer poisoned.
The orc priest invokes the aid of Beogh against you.
Beogh smites you!
You die...

##################
.................#
........########.#
.#####.∩# #.#
#..## #.# #...#
#)# ##..# #h# .
#..# #)# .. #..#
#o# ..#####..# #.#
.....##..# #o#
#......^.# #.#
#..#.#...### #.#
#..#†......# #.#
#..#.#.#.#.#


You could see an orc priest and an orc.

Vanquished Creatures
  Sigmund (D:2)
  An orc priest (D:3)
  3 orc wizards
  6 adders
  5 river rats (Sewer)
  2 dart slugs
  11 orcs
  5 ball pythons
  7 bats
  7 endoplasms
  7 giant cockroaches
  A goblin (D:2)
  8 hobgoblins
  14 jackals
  2 quokkas
  6 frilled lizards
  12 kobolds
  9 rats
107 creatures vanquished.

Notes
Turn   | Place    | Note
-------+----------+-------------------------------------------
     0 | D:1      | LeprechaunX the Octopode Shapeshifter began the quest for
                  | the Orb.
     0 | D:1      | Reached XP level 1. HP: 13/13 MP: 1/1
   179 | D:1      | Reached XP level 2. HP: 18/18 MP: 2/2
   249 | D:1      | Found a faded altar of an unknown god.
  1000 | D:2      | Reached XP level 3. HP: 23/23 MP: 3/3
  1236 | D:2      | Noticed Sigmund
  1253 | D:2      | Killed Sigmund
  1254 | D:2      | Reached skill level 4 in Unarmed Combat
  1254 | D:2      | Reached XP level 4. HP: 14/30 MP: 4/4
  1254 | D:2      | Reached XP level 5. HP: 16/35 MP: 5/5
  1886 | D:3      | Reached XP level 6. HP: 39/41 MP: 6/6
  2211 | D:3      | Found a glowing drain.
  2227 | D:3      | Reached skill level 5 in Unarmed Combat
  2238 | Sewer    | Entered a sewer
  3756 | D:4      | Found Qaluj's Book Boutique.
  3779 | D:4      | Reached XP level 7. HP: 33/46 MP: 7/7
  3786 | D:4      | HP: 2/46 [orc wizard/+0 dagger (3)]
  3787 | D:4      | Killed from afar by an orc priest

Illustrated notes

Levels and vault maps discovered:
D:1:      dpeg_arrival_arbitrary_a, layout_basic,
          hellmonk_ecumenical_altar_heavens_door
D:2:      layout_loops_ring, uniq_sigmund
D:3:      layout_basic, gup_sewer_entry_glass
D:4:      layout_loops_ring, mainiacjoe_overflow_brackets,
          minmay_temple_entry_crystal_x, serial_shops, shop,
          hangedman_minor_gate_pass

Skill      XL: |  1  2  3  4  5  6 |
---------------+-------------------+-----
Fighting       | 2 3 |  3.1
Dodging        | 3 |  3.6
Unarmed Combat | 4 5 |  5.4
Shapeshifting  | |  3.9

Action                     |  1- 3 |  4- 6 |  7- 9 || total
---------------------------+-------+-------+-------++-------
  Melee: Unarmed           |    71 |   141 |     7 ||   219
         Constrict         |    18 |    32 |     3 ||    53
         Tentacles         |     6 |    29 |       ||    35
         Punch             |     1 |     8 |       ||     9
    Use: Potion            |     1 |       |       ||     1
   Stab: Sleeping          |     6 |     7 |       ||    13
 Armour: Skin              |     9 |     1 |       ||    10
  Dodge: Dodged            |    38 |    64 |     3 ||   105
         Form:             |       |     1 |       ||     1
         Beast             |       |     1 |       ||     1

Table legend: (Time is in decaauts)
 A = Elapsed time spent in this place.
 B = Non-inter-level travel time spent in this place.
 C = Inter-level travel time spent in this place.
 D = Time resting spent in this place.
 E = Time spent auto-exploring this place.
 F = Levels seen in this place.
 G = Mean time per level.
                   A        B        C        D        E       F      G
               +--------+--------+--------+--------+--------+-----+--------+
         Total |   3767 |   3451 |    316 |    194 |   2414 |   5 |  753.4 |
       Dungeon |   2967 |   2651 |    316 |    167 |   1958 |   4 |  741.8 |
         Sewer |    799 |    799 |      0 |     27 |    456 |   1 |  799.0 |
               +--------+--------+--------+--------+--------+-----+--------+

Top non-repeatable levels by time:
     D:3: 1113 daAuts
     D:2: 973 daAuts
     D:1: 836 daAuts
   Sewer: 799 daAuts
     D:4: 44 daAuts
